 Dungeon Crawl Stone Soup version 0.24.0-125-gc4c63601f3 (webtiles) character file.

Game seed: 4899710387617020887, levelgen mode: deterministic

385042 CrazyMind the Merfolkian Blade (level 22, -2/304 HPs)
             Began as a Merfolk Gladiator on Feb 23, 2020.
             Was the Champion of Okawaru.
             Slain by an iron troll (6 damage)
             ... on level 2 of the Depths on Mar 1, 2020.
             The game lasted 06:06:36 (57465 turns).

CrazyMind the Merfolkian Blade (Merfolk Gladiator) Turns: 57465, Time: 06:06:37

Health: -2/304     AC: 21    Str: 25    XL:     22   Next: 97%
Magic:  40/42      EV: 23    Int: 14    God:    Okawaru [******]
Gold:   3662       SH:  0    Dex: 13    Spells: 21/21 levels left

rFire    + . .     SeeInvis +   a - +10 triple sword "Sarcophage" {venom, +Blink +Rage rN+++ Dex-5}
rCold    + . .     Gourm    .   (shield currently unavailable)
rNeg     + + +     Faith    .   M - +3 ring mail "Zietziu" {Slay+6}
rPois    +         Spirit   .   g - +3 hat of Pondering {ponderous, MR+ MP+10 Int+5}
rElec    .         Reflect  .   R - scarf {repulsion}
rCorr    .         Harm     .   Y - +2 pair of gloves of Crawling {rPois MR+}
MR       ++++.                  b - +2 pair of boots of Brilliance {SInv}
Stlth    ..........             p - amulet of regeneration
HPRegen  1.00/turn              I - ring of protection from cold
MPRegen  0.28/turn              L - ring "Yracyer" {rF+ MR+ Stlth+}

@: berserking, heroism, repel missiles, very quick
A: change form in water, swift swim, stealthy swim, antennae 1, high mp 1,
robust 1
}: 2/15 runes: serpentine, barnacled
a: Heroism, Finesse, Renounce Religion, Evoke Blink, Evoke Berserk Rage


You were on level 2 of the Depths.
You worshipped Okawaru.
Okawaru was exalted by your worship.
You were hungry.

You visited 8 branches of the dungeon, and saw 38 of its levels.
You also visited: Sewer, Ice Cave and Volcano.

You collected 4273 gold pieces.
You spent 611 gold pieces at shops.

Inventory:

Hand Weapons
 a - the +10 triple sword "Sarcophage" (weapon) {venom, +Blink +Rage rN+++ Dex-5}
   (Okawaru gifted it to you in a volcano)

   It poisons the flesh of those it strikes.
   It affects your dexterity (-5).
   It renders you almost immune to negative energy.
   It lets you blink.
   It lets you go berserk.
Missiles
 c - 12 curare-tipped darts
 d - 17 throwing nets
 i - 73 poisoned darts
 j - 12 silver boomerangs
 D - 53 boomerangs (quivered)
 E - 16 datura-tipped darts
 P - 56 atropa-tipped darts
 U - 8 boomerangs of dispersal
 V - 122 javelins
 Z - 47 silver javelins
Armour
 b - the +2 pair of boots of Brilliance (worn) {SInv}
   (Okawaru gifted it to you in an ice cave)

   It lets you see invisible.
 g - the +3 hat of Pondering (worn) {ponderous, MR+ MP+10 Int+5}
   (You took it off Gastronok on level 12 of the Dungeon)

   It affects your intelligence (+5).
   It affects your resistance to hostile enchantments.
   It affects your magic capacity (+10).
 G - a scarf of spirit shield
 M - the +3 ring mail "Zietziu" (worn) {Slay+6}
   (You found it on level 7 of the Dungeon)

   It affects your accuracy and damage with ranged weapons and melee attacks
   (+6).
 R - a scarf of repulsion (worn)
 Y - the +2 pair of gloves of Crawling (worn) {rPois MR+}
   (You bought it in a shop on level 13 of the Dungeon)

   It protects you from poison.
   It affects your resistance to hostile enchantments.
Jewellery
 n - an uncursed ring of protection from fire
 p - an amulet of regeneration (around neck)
 C - the ring "Udwouj" {rN+ Dex+3 SInv Stlth+}
   (You acquired it on level 1 of the Depths)

   [ring of see invisible]

   It affects your dexterity (+3).
   It protects you from negative energy.
   It lets you see invisible.
   It makes you more stealthy.
 I - a ring of protection from cold (left hand)
 L - the ring "Yracyer" (right hand) {rF+ MR+ Stlth+}
   (You found it on level 1 of the Lair of Beasts)

   [ring of protection from fire]

   It protects you from fire.
   It affects your resistance to hostile enchantments.
   It makes you more stealthy.
Wands
 l - a wand of digging (14)
 N - a wand of acid (6)
 S - a wand of clouds (5)
Scrolls
 e - 24 scrolls of remove curse
 m - a scroll of blinking
 q - 6 scrolls of magic mapping
 v - 6 scrolls of fear
 w - a scroll of holy word
 x - 14 scrolls of teleportation
 y - 3 scrolls of summoning
 F - 6 scrolls of fog
 W - 5 scrolls of identify
Potions
 k - 2 potions of magic
 r - a potion of might
 t - 4 potions of heal wounds
 u - 5 potions of ambrosia
 z - 4 potions of mutation
 A - 19 potions of curing
 B - 12 potions of flight
 H - 3 potions of resistance
 J - 4 potions of cancellation
 K - 5 potions of haste
 O - 2 potions of invisibility
 Q - 2 potions of agility
Miscellaneous
 o - a lamp of fire
 s - a sack of spiders
 T - 2 phantom mirrors
Comestibles
 f - 53 rations
 h - 7 chunks of flesh


   Skills:
 + Level 18.4(23.4) Fighting
 + Level 24.6(27) Long Blades
 + Level 19.2(24.2) Throwing
 + Level 9.4(14.4) Armour
 + Level 15.3(20.3) Dodging
 + Level 10.3 Invocations
 + Level 9.6 Evocations


You had 21 spell levels left.
You didn't know any spells.
Your spell library contained the following spells:

 Spells                   Type           Power        Failure   Level  Hunger
 Animate Skeleton         Necr           N/A          36%         1    ##.....
 Apportation              Tloc           #.....       36%         1    ##.....
 Beastly Appendage        Tmut           #.....       36%         1    ##.....
 Confusing Touch          Hex            #.....       36%         1    ##.....
 Corona                   Hex            #......      36%         1    ##.....
 Infusion                 Chrm           #...         36%         1    ##.....
 Magic Dart               Conj           #...         36%         1    ##.....
 Summon Butterflies       Summ           #.......     36%         1    ##.....
 Summon Small Mammal      Summ           #...         36%         1    ##.....
 Blink                    Tloc           N/A          50%         2    ###....
 Call Imp                 Summ           #.......     50%         2    ###....
 Ensorcelled Hibernation  Hex/Ice        #.....       50%         2    ###....
 Passwall                 Tmut/Erth      #.......     50%         2    ###....
 Shroud of Golubria       Chrm/Tloc      #.....       50%         2    ###....
 Slow                     Hex            #.......     50%         2    ###....
 Song of Slaying          Chrm           #.......     50%         2    ###....
 Sticks to Snakes         Tmut           #.......     50%         2    ###....
 Swiftness                Chrm/Air       #.......     50%         2    ###....
 Throw Flame              Conj/Fire      #.....       50%         2    ###....
 Confuse                  Hex            #.......     75%         3    ####...
 Conjure Flame            Conj/Fire      #.......     75%         3    ####...
 Dazzling Spray           Conj/Hex       #.....       75%         3    ####...
 Gell's Gravitas          Tloc           #.........   75%         3    ####...
 Inner Flame              Hex/Fire       #.......     75%         3    ####...
 Lesser Beckoning         Tloc           #.........   75%         3    ####...
 Mephitic Cloud           Conj/Pois/Air  #.......     75%         3    ####...
 Portal Projectile        Hex/Tloc       #.....       75%         3    ####...
 Regeneration             Chrm/Necr      #.........   75%         3    ####...
 Spectral Weapon          Hex/Chrm       #.......     75%         3    ####...
 Spider Form              Tmut/Pois      #.........   75%         3    ####...
 Teleport Other           Tloc           #.......     75%         3    ####...
 Tukima's Dance           Hex            #.......     75%         3    ####...
 Cause Fear               Hex            #.........   98%         4    #####..
 Force Lance              Conj/Tloc      #.......     98%         4    #####..
 Ice Form                 Ice/Tmut       #.......     98%         4    #####..
 Leda's Liquefaction      Hex/Erth       #.........   98%         4    #####..
 Passage of Golubria      Tloc           N/A          98%         4    #####..
 Petrify                  Tmut/Erth      #.......     98%         4    #####..
 Summon Lightning Spire   Summ/Air       #.......     98%         4    #####..
 Alistair's Intoxication  Tmut/Pois      #.......     100%        5    ######.
 Blade Hands              Tmut           #.........   100%        5    ######.
 Bolt of Magma            Conj/Fire/Erth #.........   100%        5    ######.
 Borgnjor's Vile Clutch   Necr/Erth      #.........   100%        5    ######.
 Lee's Rapid Deconstruct  Erth           #.........   100%        5    ######.
 Metabolic Englaciation   Hex/Ice        #.........   100%        5    ######.
 Silence                  Hex/Air        #.........   100%        5    ######.
 Yara's Violent Unravell  Hex/Tmut       #.........   100%        5    ######.
 Conjure Ball Lightning   Conj/Air       #.........   100%        6    #######
 Darkness                 Hex            #.........   100%        6    #######
 Deflect Missiles         Chrm/Air       #.........   100%        6    #######
 Dispersal                Tloc           #.........   100%        6    #######
 Invisibility             Hex            #.......     100%        6    #######
 Iron Shot                Conj/Erth      #.........   100%        6    #######
 Poison Arrow             Conj/Pois      #.........   100%        6    #######
 Shadow Creatures         Summ           N/A          100%        6    #######
 Statue Form              Tmut/Erth      #........    100%        6    #######
 Malign Gateway           Summ/Tloc      #.........   100%        7    #######
 Monstrous Menagerie      Summ           #.........   100%        7    #######
 Summon Greater Demon     Summ           #.........   100%        7    #######
 Chain Lightning          Conj/Air       #.........   100%        8    #######
 Controlled Blink         Tloc           N/A          100%        8    #######
 Disjunction              Tloc           #.........   100%        8    #######
 Ignition                 Fire           #.........   100%        8    #######
 Lehudib's Crystal Spear  Conj/Erth      #.........   100%        8    #######
 Summon Horrible Things   Summ           #.........   100%        8    #######
 Fire Storm               Conj/Fire      #.........   100%        9    #######
 Glaciate                 Conj/Ice       #.........   100%        9    #######
 Shatter                  Erth           #.........   100%        9    #######
 Tornado                  Air            #.........   100%        9    #######


Dungeon Overview and Level Annotations

Branches:
Dungeon (15/15)            Temple (1/1) D:4            Lair (6/6) D:9
 Shoals (4/4) Lair:4        Snake (4/4) Lair:2        Slime (0/5) Lair:5
    Orc (2/2) D:12            Elf (0/3) Orc:2        Vaults (4/5) D:13
  Crypt (0/3) Vaults:3     Depths (2/5) D:15          Sewer (visited)
  IceCv (visited)         Volcano (visited)

Altars:
Ashenzari
Cheibriados
Dithmenos
Elyvilon
Fedhas
Gozag
Hepliaklqana
Kikubaaqudgha
Makhleb
Nemelex Xobeh
Okawaru
Qazlal
Ru
Sif Muna
Trog
Uskayaw
Vehumet
Wu Jian
Xom
Yredelemnul
Zin
The Shining One
Beogh

Shops:
D:4 !   D:7 *   D:13 [   Orc:2 [(=%   Shoals:1 =   Shoals:2 *   Snake:2 ?![!
Vaults:2 %   Vaults:3 (

Portals:
Hell: Depths:1 Depths:2
Abyss: Depths:1
Ziggurat: Depths:2


Innate Abilities, Weirdness & Mutations

You revert to your normal form in water.
You are very nimble and swift while swimming.
You are very stealthy in the water. (Stealth+)
You have a pair of small antennae on your head.
You have an increased reservoir of magic. (+10% MP)
You are robust. (+10% HP)


Message History

The iron troll is lightly wounded.
The iron troll claws you!! x2
You gain the combat prowess of a mighty hero.
The iron troll bites you!!!
* * * LOW HITPOINT WARNING * * *
The iron troll closely misses you. x2
You slash the iron troll!
The iron troll looks as sick as possible!
The iron troll is lightly wounded.
The iron troll completely misses you. The iron troll claws you!
* * * LOW HITPOINT WARNING * * *
The iron troll claws you!
* * * LOW HITPOINT WARNING * * *
A red film seems to cover your vision as you go berserk!
You feel yourself moving faster!
You feel mighty!
You are feeling hungry.
The iron troll bites you!!!
* * * LOW HITPOINT WARNING * * *
The iron troll claws you.
You die...

## ####### .###.#...###
###### ...........##
###.....#.
###.###.#...###.#.......
.[.[................#...
.####.#.#.....#..[..(.#.
##.....(#...#...#...#...
#..#..#.#.....#..T#...#.
#.#(#.#.........@.......
#..#..#.#..#############
.....##.#.## #.####..#.#
{ .......#.)#
###.###...# ..........#
.....###### ....##


You could see an iron troll.

Vanquished Creatures
  Mara (Depths:2)
  Vashnia (Snake:4)
  Margery (Vaults:2)
  Nikola (Snake:1)
  Jorgrun (Orc:2)
  2 liches
  Frances (Snake:2)
  3 krakens
  2 sphinxes (Vaults:4)
  Gastronok (D:12)
  Kirke (Lair:5)
  2 storm dragons
  A tengu reaver (Vaults:3)
  A revenant (Vaults:3)
  8 nagarajas
  4 fire giants
  3 frost giants
  13 vault wardens
  Aizul (Snake:1)
  Louise (Shoals:4)
  6 very ugly things (Vaults:3)
  6 ironheart preservers
  15 stone giants
  A war gargoyle (Vaults:3)
  The ghost of dracomuter the Fighter, a journeyman TeVM of Ru (Orc:2)
  2 deep elf demonologists (Vaults:4)
  An entropy weaver (Vaults:1)
  A red draconian (Volcano)
  A minotaur (Orc:2)
  Snorg (D:10)
  8 ettins
  2 deep elf death magi
  8 merfolk javelineers
  The ghost of hitsuchi the Protected, a journeyman GnWn of Gozag (Lair:5)
  12 merfolk impalers
  Josephine (D:10)
  3 yaktaur captains
  3 fire dragons
  4 great orbs of eyes
  3 ice dragons
  The ghost of Lemonice the Covert, a journeyman OpEE of Sif Muna (D:11)
  9 hydras
  16 vault guards
  14 naga warriors
  2 rakshasas (Vaults:3)
  39 two-headed ogres
  The ghost of thethe the Nimble, a journeyman SpWz of Vehumet (Lair:6)
  5 centaur warriors
  4 alligator snapping turtles (Shoals:4)
  3 death knights
  7 anacondas
  4 merfolk avatars
  A merfolk aquamancer (Shoals:2)
  5 death yaks
  A satyr (Shoals:3)
  13 ogre magi
  A dancing weapon (Lair:6)
  7 deep troll shamans
  5 tengu warriors
  Nergalle (Orc:1)
  19 naga sharpshooters
  The ghost of Roubeug the Spry, a journeyman FeBe of Trog (D:12)
  4 deep troll earth magi
  3 spriggans (Lair:5)
  5 shock serpents
  3 deep elf knights
  9 hell knights
  An orc high priest (Orc:1)
  2 shadow wraiths (Vaults:3)
  10 sea snakes
  4 iron trolls
  A fire crab (shapeshifter) (Vaults:3)
  A salamander mystic (Snake:3)
  4 wizards
  An unseen horror (Vaults:1)
  A kraken simulacrum (Shoals:4)
  3 flayed ghosts
  5 naga ritualists
  14 deep trolls
  34 harpies
  Pikel (D:7)
  5 deep elf archers
  6 necromancers
  18 ironbrand convokers
  14 orc knights
  7 wolf spiders
  8 cyclopes
  6 mana vipers
  9 deep elf magi
  36 ugly things
  5 oklob plants
  2 orc sorcerers (Orc:1)
  15 fauns
  4 salamanders
  12 manticores
  An ice statue (IceCv)
  9 merfolk sirens
  An elephant (shapeshifter) (Vaults:1)
  2 centaur zombies
  17 naga magi
  3 guardian serpents (Snake:4)
  12 vault sentinels
  17 elephants
  3 gargoyles (D:14)
  8 water nymphs
  22 black mambas
  23 spiny frogs
  8 torpor snails
  6 rime drakes
  48 yaktaurs
  A kobold demonologist (D:14)
  A tengu conjurer (Depths:1)
  7 freezing wraiths
  4 komodo dragons
  A jumping spider (shapeshifter) (Vaults:2)
  43 merfolk
  A queen bee (Lair:3)
  16 polar bears
  5 trolls
  4 hornets
  7 wind drakes
  2 tyrant leeches (Lair:6)
  18 blink frogs
  23 dream sheep
  12 slime creatures
  15 hippogriffs
  8 snapping turtles
  3 meliai zombies
  2 shadows
  2 centaur simulacra (D:14)
  9 water elementals
  A yak (shapeshifter) (Vaults:4)
  A spriggan (shapeshifter) (Vaults:3)
  8 wraiths
  41 yaks
  4 wyverns
  24 humans
  2 hungry ghosts
  A human (shapeshifter) (Vaults:2)
  3 fire bats (Lair:2)
  8 hogs
  6 vampire mosquitoes
  A hog (shapeshifter) (D:15)
  4 basilisks
  4 steam dragons (Shoals:2)
  A yaktaur simulacrum (Vaults:1)
  8 wargs
  A naga (shapeshifter) (Vaults:3)
  A soldier ant (shapeshifter) (Vaults:1)
  10 water moccasins
  3 acid dragons
  6 porcupines
  57 nagas
  A floating eye (D:9)
  7 sky beasts
  4 ice beasts
  An eye of draining (D:13)
  41 orc warriors
  An ice beast (shapeshifter) (Depths:2)
  3 phantoms
  3 black bears
  A necrophage (D:13)
  2 slaves
  51 ogres
  5 boggarts
  20 wolves
  16 crocodiles
  4 centaurs
  6 big kobolds
  29 bullfrogs
  A gnoll sergeant (D:7)
  36 killer bees
  8 scorpions
  9 wights
  4 electric eels
  6 howler monkeys
  7 crimson imps
  A quasit (D:13)
  4 jellies
  A jelly (shapeshifter) (Vaults:4)
  A bullfrog zombie (D:13)
  A bullfrog skeleton (D:6)
  22 orc priests
  8 hounds
  A centaur skeleton (D:7)
  5 iguanas
  23 orc wizards
  7 worker ants
  2 killer bee zombies (D:7)
  A hound zombie (D:6)
  A howler monkey skeleton (D:11)
  7 gnolls
  3 river rats
  14 adders
  2 shadow imps
  2 white imps (D:14)
  An ooze (D:5)
  An adder zombie (D:8)
  An adder skeleton (D:6)
  5 worms
  2 dart slugs
  6 leopard geckos
  91 orcs
  2 ball pythons
  17 bats
  7 giant cockroaches
  12 goblins
  8 hobgoblins
  7 jackals
  15 kobolds
  A quokka (D:8)
  5 frilled lizards
  A quokka skeleton (D:6)
  7 rats
  2 plants
  2 tentacles
1665 creatures vanquished.

Vanquished Creatures (collateral kills)
  A stone giant (Vaults:3)
  A centaur warrior (Vaults:1)
  A deep troll earth mage (Vaults:3)
  A yaktaur (Vaults:1)
4 creatures vanquished.

Vanquished Creatures (others)
  A naga warrior (Snake:1)
  A naga (Snake:4)
  2 slaves (D:8)
  A boggart (Vaults:3)
  A jelly (D:8)
  20 fungi
  44 plants
  20 tentacles
90 creatures vanquished.

Grand Total: 1759 creatures vanquished

Notes
Turn   | Place    | Note
-------+----------+-------------------------------------------
     0 | D:1      | CrazyMind the Merfolk Gladiator began the quest for the
                  | Orb.
     0 | D:1      | Reached XP level 1. HP: 16/16 MP: 1/1
   159 | D:1      | Reached XP level 2. HP: 22/22 MP: 2/2
   429 | D:1      | Reached XP level 3. HP: 28/28 MP: 3/3
   526 | D:1      | Reached skill level 4 in Long Blades
  1191 | D:2      | Reached XP level 4. HP: 33/34 MP: 4/4
  1221 | D:2      | Found a blossoming altar of Fedhas.
  1249 | D:2      | Found a glowing silver altar of Zin.
  1252 | D:2      | Found a stormy altar of Qazlal.
  2099 | D:2      | Reached skill level 1 in Armour
  2099 | D:2      | Reached skill level 5 in Dodging
  2099 | D:2      | Reached XP level 5. HP: 21/40 MP: 5/5
  2144 | D:2      | Reached skill level 5 in Long Blades
  2458 | D:2      | Found a shadowy altar of Dithmenos.
  2460 | D:2      | Found a hide-covered altar of Uskayaw.
  3436 | D:4      | Reached XP level 6. HP: 45/47 MP: 6/6
  3929 | D:4      | Found a staircase to the Ecumenical Temple.
  3935 | Temple   | Entered the Ecumenical Temple
  4443 | Temple   | Became a worshipper of Warmaster Okawaru
  4533 | D:4      | Gained mutation: You have an increased reservoir of magic.
                  | (+10% MP) [potion of mutation]
  4533 | D:4      | Gained mutation: You are robust. (+10% HP) [potion of
                  | mutation]
  4533 | D:4      | Gained mutation: You have a pair of small antennae on your
                  | head. [potion of mutation]
  4535 | D:4      | HP: 1/51 [orc priest/+0 falchion (4)]
  4848 | D:4      | Reached skill level 6 in Long Blades
  4848 | D:4      | Reached XP level 7. HP: 57/57 MP: 7/7
  4983 | D:4      | Found a sacrificial altar of Ru.
  5015 | D:4      | Reached * piety under Okawaru
  5102 | D:4      | Found Behizxoc's Distillery.
  5108 | D:4      | Bought a potion of agility for 40 gold pieces
  5108 | D:4      | Bought a potion of heal wounds for 50 gold pieces
  5108 | D:4      | Bought a potion of curing for 30 gold pieces
  5108 | D:4      | Bought a potion of might for 40 gold pieces
  5289 | D:5      | Entered Level 5 of the Dungeon
  5339 | D:5      | Found a glowing drain.
  5346 | Sewer    | Entered a sewer
  5595 | Sewer    | Found a glowing silver altar of Zin.
  6000 | D:5      | Reached skill level 7 in Long Blades
  6000 | D:5      | Reached XP level 8. HP: 57/66 MP: 8/8
  6103 | D:5      | Noticed a hippogriff
  6116 | D:5      | HP: 2/66 [hippogriff (2)]
  6122 | D:5      | Killed a hippogriff
  6126 | D:5      | Reached ** piety under Okawaru
  6698 | D:5      | Reached skill level 8 in Long Blades
  7297 | D:6      | Reached XP level 9. HP: 63/72 MP: 7/10
  7444 | D:6      | Reached skill level 5 in Fighting
  7471 | D:6      | Reached skill level 9 in Long Blades
  7618 | D:6      | Reached skill level 5 in Throwing
  7691 | D:6      | Found a shattered altar of Ashenzari.
  8200 | D:7      | Found Guqasul's General Store.
  8202 | D:7      | Bought a potion of cancellation for 128 gold pieces
  8223 | D:7      | Found a shadowy altar of Dithmenos.
  8232 | D:7      | Reached skill level 1 in Invocations
  8405 | D:7      | Reached *** piety under Okawaru
  8444 | D:7      | Noticed a green ugly thing
  8458 | D:7      | Killed a green ugly thing
  8458 | D:7      | Reached skill level 10 in Long Blades
  8494 | D:7      | Noticed a two-headed ogre
  8507 | D:7      | Killed a two-headed ogre
  8507 | D:7      | Reached **** piety under Okawaru
  8507 | D:7      | Received a gift from Okawaru
  8507 | D:7      | Reached XP level 10. HP: 84/84 MP: 11/11
  8530 | D:7      | Got an ancient ring mail
  8531 | D:7      | Identified the +3 ring mail "Zietziu" {Slay+6} (You found
                  | it on level 7 of the Dungeon)
  8864 | D:7      | Reached skill level 11 in Long Blades
  8875 | D:8      | Noticed Pikel
  8893 | D:7      | Killed Pikel
  8893 | D:7      | Received a gift from Okawaru
  8968 | D:8      | Noticed a two-headed ogre
  8988 | D:8      | Killed a two-headed ogre
  9073 | D:8      | Reached ***** piety under Okawaru
  9420 | D:8      | Received a gift from Okawaru
  9452 | D:8      | Reached XP level 11. HP: 87/92 MP: 13/13
  9802 | D:9      | Noticed a two-headed ogre
  9813 | D:9      | Killed a two-headed ogre
  9813 | D:9      | Reached skill level 12 in Long Blades
  9880 | D:9      | Noticed an oklob plant
  9917 | D:9      | Noticed an oklob plant
 10071 | D:9      | Received a gift from Okawaru
 10294 | D:9      | Found a staircase to the Lair.
 10405 | D:9      | Found a snail-covered altar of Cheibriados.
 10405 | D:9      | Found a faded altar of an unknown god.
 10410 | D:9      | Found a bloodstained altar of Trog.
 10413 | D:9      | Found a faded altar of an unknown god.
 10415 | D:9      | Found a hazy altar of Hepliaklqana.
 10485 | D:9      | Noticed an oklob plant
 10526 | D:9      | Found a white marble altar of Elyvilon.
 10666 | D:10     | Entered Level 10 of the Dungeon
 10666 | D:10     | Noticed Snorg
 10692 | Lair:1   | Entered Level 1 of the Lair of Beasts
 10692 | Lair:1   | Noticed an oklob plant
 10740 | D:9      | Killed an oklob plant
 10744 | D:9      | Paralysed by a floating eye for 3 turns
 11040 | Lair:1   | Reached skill level 5 in Armour
 11260 | D:9      | Received a gift from Okawaru
 11265 | D:9      | Got a faintly glowing hat {god gift}
 11266 | D:9      | Identified the +2 hat of the Black Moon {+Fly rF+ Dex+7}
                  | (Okawaru gifted it to you on level 9 of the Dungeon)
 11903 | D:10     | Paralysed by a hornet for 3 turns
 12164 | D:10     | Killed Snorg
 12164 | D:10     | Reached skill level 13 in Long Blades
 12226 | D:10     | Noticed a red ugly thing
 12232 | D:10     | Killed a red ugly thing
 12264 | D:10     | Noticed Josephine
 12396 | D:10     | Reached skill level 10 in Throwing
 12400 | D:10     | Reached XP level 12. HP: 103/103 MP: 14/14
 12453 | D:10     | Killed Josephine
 12473 | D:10     | Received a gift from Okawaru
 12754 | D:11     | Found a roughly hewn altar of Beogh.
 12818 | D:11     | Found a frozen archway.
 12844 | IceCv    | Entered an ice cave
 13066 | IceCv    | Received a gift from Okawaru
 13067 | IceCv    | Got a pair of dazzling boots {god gift}
 13078 | IceCv    | Reached skill level 10 in Dodging
 13093 | IceCv    | Identified the +2 pair of boots of Brilliance {SInv}
                  | (Okawaru gifted it to you in an ice cave)
 13493 | IceCv    | Noticed a frost giant
 13685 | IceCv    | Reached skill level 14 in Long Blades
 13706 | IceCv    | Killed a frost giant
 14087 | IceCv    | Reached skill level 10 in Fighting
 14364 | D:11     | Found a runed translucent gate.
 14365 | D:11     | Found a runed translucent gate.
 14366 | D:11     | Found a runed translucent gate.
 14366 | D:11     | Noticed Lemonice's ghost (journeyman OpEE)
 14368 | D:11     | Noticed an 11-headed hydra
 14531 | D:11     | Reached XP level 13. HP: 113/113 MP: 17/17
 14619 | D:11     | Received a gift from Okawaru
 14963 | D:12     | Received a gift from Okawaru
 14977 | D:12     | Noticed Gastronok
 14987 | D:12     | Killed Gastronok
 14987 | D:12     | Received a gift from Okawaru
 14987 | D:12     | Reached skill level 15 in Long Blades
 15080 | D:12     | Found a staircase to the Orcish Mines.
 15197 | D:12     | Found a runed translucent gate.
 15197 | D:12     | Found a runed translucent gate.
 15197 | D:12     | Found a runed translucent gate.
 15197 | D:12     | Noticed Roubeug's ghost (journeyman FeBe)
 15834 | D:13     | Found Dony's Antique Armour Emporium.
 15851 | D:13     | Bought a pair of polished gloves for 323 gold pieces
 15852 | D:13     | Identified the +2 pair of gloves of Crawling {rPois MR+}
                  | (You bought it in a shop on level 13 of the Dungeon)
 16009 | D:13     | Received a gift from Okawaru
 16100 | D:13     | Found a gate to the Vaults.
 16100 | D:13     | Noticed a vault guard
 16100 | D:13     | Noticed a vault guard
 16140 | D:13     | Killed a vault guard
 16154 | D:13     | Killed a vault guard
 16154 | D:13     | Received a gift from Okawaru
 16172 | D:13     | Reached skill level 16 in Long Blades
 17513 | D:9      | Paralysed by a floating eye for 4 turns
 17767 | Lair:1   | Found a burning altar of Makhleb.
 17775 | Lair:1   | Got a sparkling turquoise ring
 17786 | Lair:1   | Identified the ring "Yracyer" {rF+ MR+ Stlth+} (You found
                  | it on level 1 of the Lair of Beasts)
 17851 | Lair:1   | Reached XP level 14. HP: 94/124 MP: 19/19
 18038 | Lair:1   | Received a gift from Okawaru
 18911 | Lair:2   | Found a dark tunnel.
 18930 | Volcano  | Entered a volcano
 18950 | Volcano  | Received a gift from Okawaru
 18960 | Volcano  | Got an iridescent triple sword {god gift}
 18961 | Volcano  | Identified the +10 triple sword "Sarcophage" {venom, +Blink
                  | +Rage rN+++ Dex-5} (Okawaru gifted it to you in a volcano)
 19078 | Volcano  | Noticed a red draconian
 19091 | Volcano  | Killed a red draconian
 19382 | Lair:2   | Found a staircase to the Snake Pit.
 20175 | Lair:3   | Received a gift from Okawaru
 20312 | Lair:3   | Reached skill level 17 in Long Blades
 20390 | Lair:3   | Received a gift from Okawaru
 20455 | Lair:3   | Received a gift from Okawaru
 20948 | Lair:3   | Reached skill level 1 in Evocations
 21831 | Lair:4   | Received a gift from Okawaru
 21832 | Lair:4   | Got a warped ring mail {god gift}
 21836 | Lair:4   | Identified the +1 ring mail of the Equinox {SInv} (Okawaru
                  | gifted it to you on level 4 of the Lair of Beasts)
 22366 | Lair:4   | Found a staircase to the Shoals.
 22837 | Lair:5   | Noticed Kirke
 22849 | Lair:5   | Killed Kirke
 22858 | Lair:5   | Reached XP level 15. HP: 129/132 MP: 20/20
 23166 | Lair:5   | Found a staircase to the Slime Pits.
 23388 | Lair:5   | Found a runed translucent door.
 23391 | Lair:5   | Noticed hitsuchi's ghost (journeyman GnWn)
 23393 | Lair:5   | Identified the +2 spear of the Equator {pierce, rElec rF+
                  | Str-2 Dex+3}
 23871 | Lair:6   | Entered Level 6 of the Lair of Beasts
 23889 | Lair:5   | Reached ****** piety under Okawaru
 23889 | Lair:5   | Reached skill level 18 in Long Blades
 24236 | Lair:6   | Received a gift from Okawaru
 25306 | Lair:6   | Found a snail-covered altar of Cheibriados.
 25378 | Lair:6   | Reached skill level 5 in Evocations
 25922 | Lair:6   | Received a gift from Okawaru
 25997 | Lair:6   | Got a jewelled falchion
 26013 | Lair:6   | Identified the +9 falchion of Righteous Anger {slice,
                  | Int+4} (You found it on level 6 of the Lair of Beasts)
 26138 | Lair:6   | Found a runed translucent door.
 26139 | Lair:6   | Found a shimmering altar of Xom.
 26139 | Lair:6   | Noticed thethe's ghost (journeyman SpWz)
 26481 | D:14     | Received a gift from Okawaru
 26509 | D:14     | Identified Sif Muna's Tome of Fiery Augmentations
 26807 | D:14     | Reached XP level 16. HP: 141/141 MP: 22/22
 26893 | D:14     | Received a gift from Okawaru
 26898 | D:14     | Reached skill level 5 in Invocations
 27334 | D:14     | Reached skill level 19 in Long Blades
 27929 | D:15     | Entered Level 15 of the Dungeon
 27946 | D:15     | Found a staircase to the Depths.
 29166 | Shoals:1 | Entered Level 1 of the Shoals
 29735 | Shoals:1 | Noticed a kraken
 29906 | Shoals:1 | Killed a kraken
 30219 | Shoals:1 | Received a gift from Okawaru
 31460 | Shoals:1 | Found Cewioc's Jewellery Shoppe.
 31824 | Shoals:2 | Found Qesixa Ytepp's Mayhem Merchandise.
 32243 | Shoals:2 | Noticed a kraken
 32254 | Shoals:2 | Killed a kraken
 32254 | Shoals:2 | Received a gift from Okawaru
 32284 | Shoals:2 | Received a gift from Okawaru
 32858 | Shoals:2 | Reached XP level 17. HP: 150/150 MP: 24/24
 33917 | Shoals:3 | Noticed a kraken
 33930 | Shoals:3 | Killed a kraken
 34141 | Shoals:3 | Received a gift from Okawaru
 34427 | Shoals:3 | Reached skill level 20 in Long Blades
 34450 | Shoals:3 | Received a gift from Okawaru
 35480 | Shoals:3 | Received a gift from Okawaru
 35879 | Shoals:4 | Entered Level 4 of the Shoals
 35879 | Shoals:4 | Found an iron altar of Okawaru.
 36098 | Shoals:4 | Noticed Louise
 36335 | Shoals:4 | Received a gift from Okawaru
 36335 | Shoals:4 | Reached skill level 15 in Throwing
 36539 | Shoals:4 | Got a barnacled rune of Zot
 36869 | Shoals:4 | Found a hide-covered altar of Uskayaw.
 36878 | Shoals:4 | Received a gift from Okawaru
 37173 | Shoals:4 | Reached XP level 18. HP: 74/159 MP: 27/27
 37327 | Shoals:4 | Got a coiled glass ring
 37328 | Shoals:4 | Identified the ring "Fiklanau" {rC+ rN+++ Dex+8 Slay-3}
                  | (You found it on level 4 of the Shoals)
 37680 | Shoals:4 | Got an amber-encrusted leather armour
 37681 | Shoals:4 | Identified the +1 leather armour of the Komtur {rF+} (You
                  | found it on level 4 of the Shoals)
 38097 | Shoals:4 | Killed Louise
 38446 | Snake:1  | Entered Level 1 of the Snake Pit
 38828 | Snake:1  | Noticed Aizul
 38838 | Snake:1  | Killed Aizul
 38941 | Snake:1  | Noticed Nikola
 38958 | Snake:1  | Killed Nikola
 39137 | Snake:2  | Noticed Frances
 39154 | Snake:2  | Killed Frances
 39241 | Snake:2  | Reached skill level 21 in Long Blades
 39326 | Snake:2  | Found Bugusep's Distillery.
 39331 | Snake:2  | Found Remaumneo's Antique Armour Emporium.
 39331 | Snake:2  | Found Omeer's Distillery.
 39335 | Snake:2  | Found Neqeri's Magic Scroll Shoppe.
 40125 | Snake:3  | Received a gift from Okawaru
 40730 | Snake:3  | Got a faintly glowing scale mail
 40736 | Snake:3  | Identified the cursed +1 scale mail of Esekhlin {-Cast
                  | Int+9 Dex+6} (You found it on level 3 of the Snake Pit)
 40834 | Snake:4  | Entered Level 4 of the Snake Pit
 40851 | Snake:3  | Received a gift from Okawaru
 41023 | Snake:4  | Noticed Vashnia
 41058 | Snake:4  | Killed Vashnia
 41068 | Snake:4  | Reached XP level 19. HP: 150/168 MP: 29/29
 42177 | Snake:3  | Reached skill level 15 in Fighting
 42868 | Snake:4  | Got a serpentine rune of Zot
 43198 | Orc:1    | Entered Level 1 of the Orcish Mines
 43305 | Orc:2    | Entered Level 2 of the Orcish Mines
 43595 | Orc:2    | Received a gift from Okawaru
 43993 | Orc:2    | Found a runed translucent gate.
 43993 | Orc:2    | Found a runed translucent gate.
 43993 | Orc:2    | Found a runed translucent gate.
 43999 | Orc:2    | Noticed dracomuter's ghost (journeyman TeVM)
 44097 | Orc:2    | Found a staircase to the Elven Halls.
 44193 | Orc:2    | Reached skill level 22 in Long Blades
 44427 | Orc:2    | Found Qiemu's Jewellery Boutique.
 44427 | Orc:2    | Found Ciont's Antique Armour Shoppe.
 44438 | Orc:2    | Found Ebren's Food Emporium.
 44438 | Orc:2    | Found Asigolev's Weapon Boutique.
 44900 | Orc:1    | Noticed Nergalle
 44906 | Orc:1    | Killed Nergalle
 44959 | Orc:1    | Noticed Jorgrun
 45095 | Orc:2    | Killed Jorgrun
 45095 | Orc:2    | Received a gift from Okawaru
 45613 | Vaults:1 | Entered Level 1 of the Vaults
 45689 | Vaults:1 | Received a gift from Okawaru
 45707 | Vaults:1 | Reached skill level 10 in Invocations
 45723 | D:13     | Reached XP level 20. HP: 85/179 MP: 30/30
 46570 | Vaults:1 | Received a gift from Okawaru
 47081 | Vaults:1 | Received a gift from Okawaru
 47565 | Vaults:1 | Received a gift from Okawaru
 47932 | Vaults:2 | Reached skill level 23 in Long Blades
 47992 | Vaults:2 | Received a gift from Okawaru
 48740 | Vaults:2 | Noticed Margery
 48764 | Vaults:1 | Received a gift from Okawaru
 49175 | Vaults:2 | Killed Margery
 49203 | Vaults:2 | Received a gift from Okawaru
 49672 | Vaults:2 | Found Fargh's Food Shop.
 50016 | Vaults:3 | Reached XP level 21. HP: 151/189 MP: 31/31
 50895 | Vaults:3 | Found a staircase to the Crypt.
 50967 | Vaults:3 | Received a gift from Okawaru
 50968 | Vaults:3 | Got a jewelled ring mail {god gift}
 50975 | Vaults:3 | Identified the +5 ring mail of Follow the Leader {Int+3}
                  | (Okawaru gifted it to you on level 3 of the Vaults)
 51508 | Vaults:3 | Reached skill level 24 in Long Blades
 52566 | Vaults:3 | Found Diahode's Weapon Emporium.
 53148 | Vaults:4 | Received a gift from Okawaru
 53454 | Vaults:4 | Received a gift from Okawaru
 53454 | Vaults:4 | Reached XP level 22. HP: 201/201 MP: 32/32
 53617 | Vaults:4 | Reached skill level 15 in Dodging
 54217 | Vaults:4 | Received a gift from Okawaru
 54847 | D:11     | Killed Lemonice's ghost
 54919 | D:12     | Killed Roubeug's ghost
 55114 | Lair:5   | Killed hitsuchi's ghost
 55225 | Lair:6   | Killed thethe's ghost
 55506 | Orc:2    | Killed dracomuter's ghost
 55661 | Depths:1 | Entered Level 1 of the Depths
 55974 | Depths:1 | Received a gift from Okawaru
 55975 | Depths:1 | Got a faintly humming buckler {god gift}
 55978 | D:15     | Identified the +1 buckler "Duimpow" {Str+5} (Okawaru gifted
                  | it to you on level 1 of the Depths)
 56066 | Depths:1 | Found a one-way gate to the infinite horrors of the Abyss.
 56216 | Depths:1 | Found a gateway to Hell.
 56578 | Depths:1 | Identified a scroll of acquirement
 56580 | Depths:1 | Got a translucent bronze ring
 56581 | Depths:1 | Identified the ring "Udwouj" {rN+ Dex+3 SInv Stlth+} (You
                  | acquired it on level 1 of the Depths)
 56949 | Depths:2 | Noticed Mara
 56954 | Depths:2 | Noticed CrazyMind's illusion
 56959 | Depths:2 | Killed Mara
 57116 | Depths:2 | Found a gateway to a ziggurat.
 57465 | Depths:2 | HP: 4/304 [iron troll (44)]
 57465 | Depths:2 | Slain by an iron troll

Levels and vault maps discovered:
D:1:      onia_arrival_mini_maze_b, layout_loops_corners, minmay_cupped
D:2:      layout_loops_ring, nicolae_overflow_hidden_temple, fedhas_altar_1,
          kennysheep_small_spiral
D:3:      layout_basic
D:4:      layout_basic, lemuel_coloured_pillars_altar,
          minmay_temple_entry_fiery, serial_shops, kennysheep_little_box
D:5:      layout_cave_pods, first_ration, cheibrodos_sewer_entry_bend,
          minmay_manual_maat
D:6:      old_forge, layout_basic, lemuel_round_altar
D:7:      minmay_blocky_corners, layout_basic, serial_shops, shop, basic_altar,
          minmay_bent
D:8:      layout_loops_ring, uniq_pikel
D:9:      layout_cave_pools, chequers_temple_overflow_minitemple,
          lemuel_doored_altar, david_lair_shrubbed, grunt_livestock,
          minivault_27, disabler_island
D:10:     layout_rooms, uniq_josephine, uniq_snorg
D:11:     layout_basic, gammafunk_ghost_hydra_chop,
          portal_ice_cave_entry_pillars_1, special_room [special_room_orc]
D:12:     layout_loops_ring, ebering_ghost_rock_garden, uniq_gastronok
D:13:     layout_basic, grunt_vaults_entry_tiered, serial_shops,
          nicolae_shop_overgrown_old_shop
D:14:     kennysheep_windowed_halls, layout_irregular_city, serial_ice,
          serial_ice_e, serial_ice_j, serial_ice_o, serial_ice_d
D:15:     grunt_enter_depths_giant_problem, layout_stronghold
Temple:   chequers_temple_sunken
Lair:1:   layout_small_grid, lemuel_oklob_altar, grunt_megastairs_1
Lair:2:   layout_cave_pods, minmay_snake_entry_guardpost_small,
          nicolae_volcano_entry_batcave, infiniplex_staircase_pool
Lair:3:   regret_index_bee_streams, layout_cave_pods
Lair:4:   layout_gridlike, minmay_shoals_entry_lonely_mermaid,
          grunt_megastairs_5
Lair:5:   layout_cave_pods, minmay_slime_entry_pillars,
          ebering_ghost_funeral_grove, uniq_kirke
Lair:6:   minmay_lair_end_frog_pond, layout_misc_corridors, ebering_ghost_xom,
          minivault_11, chequers_serial_rivers_large_b,
          minmay_lair_oklob_bushes, kennysheep_snail_temple
Shoals:1: layout_shoals, minmay_shop_enchanted_jewellery,
          nicolae_shoals_wave_tunnel
Shoals:2: layout_shoals, minmay_shop_mayhem, nicolae_shoals_drake_roost
Shoals:3: layout_shoals
Shoals:4: shoals_end_grunt_ice, layout_shoals, hangedman_feature_mirror,
          uniq_louise
Snake:1:  layout_gridlike, st_stairs_8, uniq_nikola, uniq_aizul
Snake:2:  layout_honeycomb, st_stairs_4, minmay_shoptagon, uniq_frances
Snake:3:  layout_rooms
Snake:4:  minmay_snake_end_coiled, layout_cave_town, nrook_loot_triangle,
          nrook_guardian_serpent_ordinary, uniq_vashnia
Orc:1:    layout_caves, guppyfry_orc_lava_fort, uniq_jorgrun, uniq_nergalle
Orc:2:    st_orc_ogre_mass, layout_caves, maelrawn_ghost_gauntlet_escape
Vaults:1: vaults_mumra_lcd, vaults_room_pool, ontoclasm_vaults_gateway,
          dpeg_vaults_monster_box, nicolae_vaults_little_squares_1,
          hangedman_vaults_slice, serial_ice_g, v_misc_32,
          layout_vaults_omnigrid
Vaults:2: v_misc_2, st_star, nicolae_vaults_ring_of_whatevers, v_misc_18,
          ontoclasm_vaults_ring_large, nicolae_vaults_little_squares_1,
          ontoclasm_vaults_ring_large, nicolae_vaults_sealed_display,
          hangedman_vaults_slice, nicolae_vaults_mini_display_case,
          layout_vaults_big_room, serial_shops, shop, uniq_margery
Vaults:3: minmay_crypt_entry_simple_sparse, vaults_dpeg_encased_lava,
          v_alt_pattern_2, nicolae_vaults_ring_of_whatevers,
          hangedman_vaults_slice, v_misc_27, v_misc_9, vaults_room_hallway,
          nicolae_vaults_what_the_h, vaults_dpeg_doors, vaults_room_fours,
          vaults_room_pool, nicolae_vaults_ring_of_whatevers,
          hangedman_vaults_hard_town_square, ontoclasm_vaults_bender, v_misc_16,
          layout_vaults_ring, serial_shops, shop
Vaults:4: v_pattern_3, hangedman_vaults_corner_blocks,
          hangedman_vaults_corner_blocks, nicolae_vaults_back_hallway,
          hangedman_vaults_variations, v_rooms_2, nicolae_vaults_an_arrangement,
          nicolae_vaults_little_squares_6, v_misc_31, layout_vaults_omnibox
Depths:1: layout_forbidden_donut, hell_entry, abyss_entry,
          ebering_dispersal_statue_hall, kennysheep_generic_room_16,
          grunt_megastairs_3
Depths:2: hangedman_slaughterboxes, hell_entry, uniq_sojobo, uniq_mara

Skill      XL: |  1  2  3  4  5  6  7  8  9 10 11 12 13 14 15 16 17 18 19 20 21 22 |
---------------+-------------------------------------------------------------------+-----
Long Blades    | 4 5 6 7 8 10 11 13 14 16 17 18 19 20 21 22 23 24 | 24.6
Armour         | 1 2 3 4 5 6 7 8 9 |  9.4
Dodging        | 5 6 7 8 9 10 11 12 13 14 15 | 15.3
Fighting       | 3 4 6 7 8 10 11 12 13 14 15 16 17 18 | 18.4
Throwing       | 3 4 7 8 10 11 12 13 14 15 16 17 19 | 19.2
Invocations    | 1 2 3 4 7 9 10 | 10.3
Evocations     | 2 5 7 9 |  9.6

Action                   |  1- 3 |  4- 6 |  7- 9 | 10-12 | 13-15 | 16-18 | 19-21 | 22-24 || total
-------------------------+-------+-------+-------+-------+-------+-------+-------+-------++-------
Melee: Long sword        |    93 |   182 |   251 |       |    28 |       |       |       ||   554
       Tailslap          |       |       |     5 |    26 |     7 |    72 |       |       ||   110
       Punch             |       |       |     1 |     4 |       |       |       |       ||     5
       Falchion          |       |       |   104 |   591 |       |       |       |       ||   695
       Great sword       |       |       |       |    40 |   176 |       |       |       ||   216
       Unarmed           |       |       |       |       |   131 |       |       |       ||   131
       Triple sword      |       |       |       |       |   448 |   749 |  1044 |   204 ||  2445
Throw: Stone             |     2 |    21 |    53 |    40 |    48 |       |       |       ||   164
       Dart              |       |    24 |    28 |    13 |     4 |    21 |     7 |     1 ||    98
       Boomerang         |       |       |       |    42 |   191 |   486 |   343 |   280 ||  1342
       Javelin           |       |       |       |     2 |     2 |    26 |    41 |    18 ||    89
Invok: Heroism           |       |       |     7 |     9 |    10 |    12 |    12 |     7 ||    57
       Finesse           |       |       |       |     6 |     5 |     1 |     2 |     1 ||    15
 Abil: Evoke Blink       |       |       |       |       |       |     2 |     1 |     1 ||     4
       Evoke Berserk Rag |       |       |       |       |       |       |     1 |     1 ||     2
Evoke: Wand              |       |       |       |    13 |     2 |       |       |       ||    15
       Lamp of fire      |       |       |       |       |       |       |     1 |       ||     1
       Box of beasts     |       |       |       |       |       |       |     1 |       ||     1
       Sack of spiders   |       |       |       |       |       |       |     1 |       ||     1
  Use: Potion            |       |     7 |     5 |     5 |     2 |     2 |     6 |     1 ||    28
       Scroll            |       |       |     5 |     4 |    20 |     4 |     4 |     4 ||    41
 Stab: Sleeping          |     2 |     2 |       |       |     4 |     2 |     4 |     2 ||    16
       Invisible         |       |     1 |       |     4 |       |     3 |       |     2 ||    10
       Distracted        |       |       |       |     1 |     3 |       |       |       ||     4
  Eat: Chunk             |     1 |    11 |    12 |    19 |    28 |    40 |    38 |     9 ||   158
       Ration            |       |       |       |       |     4 |     1 |     2 |     1 ||     8
Armor: Leather armour    |    33 |    37 |    54 |       |       |       |       |       ||   124
       Skin              |       |    15 |    10 |       |       |       |       |       ||    25
       Ring mail         |       |       |       |   131 |   301 |   187 |   206 |    58 ||   883
Dodge: Dodged            |    71 |   148 |   270 |   451 |   713 |   984 |   855 |   167 ||  3659
       Deflected         |       |       |       |       |     1 |    88 |   106 |    26 ||   221
       Rpst.: Long sword |    23 |    40 |    49 |       |     1 |       |       |       ||   113
       Falchion          |       |       |    17 |   108 |       |       |       |       ||   125
       Great sword       |       |       |       |     4 |    40 |       |       |       ||    44
       Triple sword      |       |       |       |       |   130 |   168 |   197 |    21 ||   516
